Map: Void Thrashing

Players

sTkmonk

  • Race: Terran Terran
  • Spawn Location: 9:00

monk

  • Race: Protoss Protoss
  • Spawn Location: 6:00

VOD

Have the link to the VOD?

Description

Time

  • Played on: Aug. 7, 2017, 1:41 p.m.
  • Length: 17:37
Show
View Real Time Build Order
Export as new Build Order

sTkmonk Terran 

Build Orders:  

Get SALT Encoding   

Show
View Real Time Build Order
Export as new Build Order

monk Protoss 

Build Orders:  

Get SALT Encoding   

  12  0:02  Probe (Chrono Boost)  
  12  0:04  Dark Pylon  
  13  0:16  Probe (Chrono Boost)  
  14  0:22  Assimilator  
  14  0:30  Probe (Chrono Boost)  
  14  0:39  Assimilator  
  15  0:44  Probe (Chrono Boost)  
  16  0:58  Probe (Chrono Boost)  
  17  1:09  Gateway  
  17  1:12  Probe (Chrono Boost)  
  18  1:26  Probe (Chrono Boost)  
  19  1:34  Forge  
  19  1:39  Probe (Chrono Boost)  
  20  1:53  Probe (Chrono Boost)  
  21  2:07  Probe (Chrono Boost)  
  22  2:18  Cybernetics Core  
  22  2:20  Protoss Ground Weapons Level 1  
  22  2:21  Probe (Chrono Boost)  
  23  2:38  Dark Pylon  
  23  2:40  Probe (Chrono Boost)  
  24  2:54  Probe (Chrono Boost)  
  24  2:55  Pylon  
  25  3:08  Probe (Chrono Boost)  
  26  3:13  Death Council  
  26  3:22  Probe (Chrono Boost)  
  27  3:36  Probe (Chrono Boost)  
  28  3:48  Assimilator  
  28  3:49  Probe (Chrono Boost)  
  28  3:51  Assimilator  
  29  4:03  Probe (Chrono Boost)  
  29  4:04  Warp Gate  
  29  4:05  Nexus  
  30  4:17  Probe (Chrono Boost)  
  31  4:23  Dark Shrine  
  31  4:31  Probe (Chrono Boost)  
  32  4:45  Probe (Chrono Boost)  
  33  4:51  Protoss Ground Weapons Level 2 (Chrono Boost)  
  33  4:59  Probe (Chrono Boost)  
  34  5:00  Shadow Fury  
  34  5:13  Probe (Chrono Boost)  
  35  5:25  Gateway  
  35  5:27  Probe (Chrono Boost)  
  35  5:28  Gateway  
  36  5:34  Gateway  
  36  5:39  Blink  
  36  5:41  Probe (Chrono Boost)  
  37  5:56  Dark Templar  
  39  6:04  Gateway  
  39  6:08  Gateway  
  39  6:14  Gateway  
  39  6:21  Gateway  
  39  6:33  Phase Reactor  
  39  6:41  Dark Templar Blink  
  39  6:48  Dark Templar x2  
  43  6:54  Dark Templar  
  45  7:01  Dark Templar  
  47  7:23  Dark Templar  
  47  7:25  Pylon  
  47  7:27  Protoss Ground Weapons Level 3 (Chrono Boost)  
  49  7:33  Dark Templar x2  
  53  7:41  Pylon  
  53  7:42  Pylon  
  53  7:44  Pylon  
  53  7:52  Dark Templar  
  53  7:53  Dark Templar  
  57  8:13  Dark Templar  
  57  8:14  Dark Templar  
  61  8:24  Dark Templar x2  
  65  8:39  Stalker x2  
  69  8:43  Stalker  
  71  8:54  Stalker  
  73  9:03  Stalker x2  
  77  9:12  Stalker x2  
  81  9:29  Stalker x2  
  85  9:36  Pylon  
  85  9:38  Pylon  
  85  10:03  Stalker x2  
  85  10:04  Pylon  
  85  10:05  Pylon  
  89  10:21  Stalker x2  
  93  10:32  Pylon  
  93  10:49  Stalker  
  95  10:50  Stalker x4  
  103  11:06  Dark Pylon  
  101  11:32  Stargate  
  101  11:50  Stalker x2  
  101  11:51  Stalker x4  
  101  11:52  Stalker  
  115  12:00  Pylon  
  115  12:01  Pylon  
  115  12:15  Dark Templar  
  115  12:17  Pylon  
  117  12:25  Oracle (Chrono Boost)  
  106  13:04  Dark Templar x4  
  106  13:05  Dark Templar x3  
  106  13:06  Dark Templar  
  118  13:44  Stalker  
  118  14:03  Dark Templar, Pylon  
  118  14:04  Dark Templar x4  
  118  14:05  Dark Templar x2  
  130  14:33  Dark Pylon  
  130  14:47  Dark Templar  
  130  14:49  Dark Templar x4  
  140  14:50  Dark Templar  
  140  14:56  Stalker x2  
  146  15:09  Pylon  
  145  15:10  Pylon  
  145  15:25  Stalker  
  145  15:28  Stalker x2  
  151  15:35  Stalker x4  
  151  15:36  Stalker  
  160  16:06  Stalker x2  
  125  16:14  Stalker x2  
  125  16:15  Stalker  
  91  16:44  Stalker  
  91  16:45  Stalker  
Tags
 
Add a new tag
Caveats
  • Supply blocks, unpowered buildings, or Contaminate may cause inaccurate times.
  • Supply counts are checked every 10 seconds.